 Dungeon Crawl Stone Soup version 0.17-a0-1979-g1c74939 (webtiles) character file.

7346 inmateoo the Slicer (level 10, 0/74 HPs)
             Began as a Demonspawn Summoner on Oct 5, 2015.
             Was a Priest of Ashenzari.
             Slain by a hill giant
             ... wielding a +0 giant spiked club
              (35 damage)
             ... on level 10 of the Dungeon.
             The game lasted 00:20:27 (8019 turns).

inmateoo the Slicer (Demonspawn Summoner)           Turns: 8019, Time: 00:20:27

Health: 0/74       AC:  6    Str: 11    XL:     10   Next: 91%
Magic:  11/17      EV: 12    Int: 20    God:    Ashenzari [***...]
Gold:   509        SH:  5    Dex: 16    Spells: 7 memorised, 2 levels left

rFire  + . .     SeeInvis +     t - +2 dagger (drain) (curse)
rCold  . . .     Clarity  +     e - +1 ring mail
rNeg   + . .     SustAt   .     J - +0 buckler
rPois  .         Gourm    .     (helmet restricted)
rElec  .         Spirit   .     (no cloak)
rCorr  .         Warding  +     (no gloves)
rMut   .         Stasis   .     (no boots)
MR     .....                    F - amulet of warding
Stlth  +++.......               I - +3 ring of strength
                                C - ring of protection from fire (curse)

@: very slightly contaminated, not resistant to hostile enchantments, fairly
stealthy
A: horns 1, agile 1, clarity, sense surroundings 1, powered by death 2, spiny 1,
no device heal 1
a: Scrying, Renounce Religion


You were on level 10 of the Dungeon.
You worshipped Ashenzari.
Ashenzari was most pleased with you.
You were not hungry.

You visited 1 branch of the dungeon, and saw 10 of its levels.
You also visited: Sewer.

You collected 509 gold pieces.

Inventory:

Hand Weapons
 t - a cursed +2 dagger of draining (weapon)
Armour
 e - a +1 ring mail (worn)
 J - a +0 buckler (worn)
Jewellery
 i - an uncursed ring of fire
 C - a cursed ring of protection from fire (left hand)
 F - an amulet of warding (around neck)
 I - a +3 ring of strength (right hand)
Wands
 b - a wand of frost (18)
 j - a wand of slowing (17)
 s - a wand of magic darts (34)
 E - a wand of digging (16)
 M - a wand of teleportation (5)
Scrolls
 a - a scroll of curse jewellery
 m - 4 scrolls of fear
 n - 7 scrolls of teleportation
 w - a scroll of remove curse
 x - 2 scrolls of magic mapping
 y - 3 scrolls of fog
 D - 2 scrolls of amnesia
 H - a scroll of identify
Potions
 f - 2 potions of magic
 g - 2 potions of curing
 h - 3 potions of might
 q - 4 potions of flight
 r - 3 potions of lignification
 A - 2 potions of haste
 B - a potion of brilliance
 L - a potion of cure mutation
Books
 o - a book of Dreams

   Spells                             Type                      Level
   a - Ensorcelled Hibernation        Hexes/Ice                    2
   b - Phase Shift                    Translocation                5
   c - Shadow Creatures               Summoning                    5
   d - Silence                        Hexes/Air                    5
   e - Darkness                       Hexes                        6
   f - Mass Confusion                 Hexes                        6
 v - a book of Summonings

   Spells                             Type                      Level
   a - Recall                         Summoning/Translocation      3
   b - Aura of Abjuration             Summoning                    5
   c - Shadow Creatures               Summoning                    5
   d - Summon Demon                   Summoning                    5
   e - Summon Forest                  Summoning/Translocation      5
   f - Summon Mana Viper              Hexes/Summoning              5
 z - a book of Beasts

   Spells                             Type                      Level
   a - Summon Butterflies             Summoning                    1
   b - Call Canine Familiar           Summoning                    3
   c - Summon Ice Beast               Ice/Summoning                4
   d - Summon Mana Viper              Hexes/Summoning              5
   e - Summon Hydra                   Summoning                    7
Comestibles
 c - 10 bread rations
 d - a slice of pizza
 k - 2 royal jellies
 p - 5 meat rations


   Skills:
 - Level 5.0 Fighting
 * Level 8.2(11.1) Short Blades
 + Level 3.1 Armour
 + Level 3.7 Dodging
 + Level 6.3 Stealth
 + Level 2.6 Shields
 - Level 0.8 Unarmed Combat
 - Level 5.0 Spellcasting
 + Level 6.2 Hexes
 - Level 6.0 Summonings
 - Level 3.0 Ice Magic


You had 2 spell levels left.
You knew the following spells:

 Your Spells              Type           Power        Failure   Level  Hunger
a - Summon Small Mammal   Summ           ####         2%          1    None
b - Call Imp              Summ           ####....     4%          2    None
c - Ensorcelled Hibernat  Hex/Ice        ###...       10%         2    None
d - Summon Guardian Gole  Hex/Summ       ####....     10%         3    ##.....
e - Apportation           Tloc           #.........   34%         1    None
f - Blink                 Tloc           N/A          54%         2    None
g - Invisibility          Hex            ####....     100%        6    #######


Dungeon Overview and Level Annotations

Branches:
Dungeon (10/15)            Temple (0/1) D:6            Lair (0/8) D:8
    Orc (0/4) D:9

Altars:
Ashenzari
Cheibriados
Elyvilon
Gozag
Kikubaaqudgha
Makhleb
Qazlal
Ru
Trog
Xom
Yredelemnul
The Shining One


Innate Abilities, Weirdness & Mutations

You have a pair of small horns on your head.
You regenerate health from kills.
You are partially covered in sharp spines.
You are agile. (Dex +2)
You possess an exceptional clarity of mind.
You passively map a small area around you.
Potions and wands are less effective at restoring your health.


Message History

You miscast Ensorcelled Hibernation.
You are very lightly contaminated with residual magic.
Frost spreads across the the floor.
Casting: Ensorcelled Hibernation
Confirm with . or Enter, or press ? or * to list all spells.
Aiming: Ensorcelled Hibernation
Press: ? - help, Shift-Dir - straight line, f/p - hill giant
Aim: a hill giant, wielding a giant spiked club (chance to defeat MR: 35%)
The hill giant easily resists.
The hill giant is struck by your spines.
The hill giant hits you with a giant spiked club!!!
Ouch! That really hurt!
Casting: Ensorcelled Hibernation
Confirm with . or Enter, or press ? or * to list all spells.
Aiming: Ensorcelled Hibernation
Press: ? - help, Shift-Dir - straight line, f/p - hill giant
Aim: a hill giant, wielding a giant spiked club (lightly wounded, chance to defeat MR: 35%)
You miscast Ensorcelled Hibernation.
The light around you dims momentarily.
The hill giant hits you with a giant spiked club!!
You die...

#..._...###.##.#.# #...
#.......# #.#..#.# #.##
######.......###.########.##
.....Z.......##....##.....##
[....a.S......#..#.##.#.....
,.......####.#.####.##.#.....
....... #S#......##.#..... ,
....... #C#####.....#.....
...s... #@#####.#####.....
,....... #.......# #..... ,
.......* ######### #.....
#######* ##########.....
#..............
#...........### #...........#
#...........# #...........#


You could see a hill giant and a water moccasin.

Vanquished Creatures
  The ghost of Conn321 the Protected, a novice MiFi of Trog (D:9)
  A hill giant (D:10)
  Pikel (D:4)
  A troll (D:10)
  A spriggan (D:7)
  6 yaks
  A wraith (D:7)
  The ghost of Pereza0 the Poker, an amateur HuSk (D:4)
  A deep elf fighter (D:8)
  A hippogriff (D:10)
  2 slaves
  Purgy (Sewer)
  A black bear (D:6)
  A sky beast (D:5)
  2 ice beasts
  2 orc warriors
  4 centaurs
  2 phantoms
  5 ogres
  2 big kobolds
  A crocodile (D:8)
  3 giant frogs
  A water moccasin zombie (D:6)
  6 wights
  3 scorpions
  4 crimson imps
  10 orc wizards
  6 hounds
  A jelly (D:5)
  5 human zombies (D:7)
  10 orc priests
  Jessica (D:3)
  A human skeleton (D:7)
  4 iguanas
  2 worker ants
  2 gnoll shamans (D:6)
  An ogre zombie (D:7)
  3 mummies (D:7)
  3 hound skeletons
  2 worker ant zombies (D:6)
  8 adders
  11 gnolls (D:6)
  4 river rats
  2 adder skeletons (D:5)
  2 adder zombies
  2 worms (D:4)
  3 giant geckos
  20 orcs
  A ball python (D:3)
  4 giant cockroaches
  6 goblins
  8 hobgoblins
  3 quokkas
  18 bats
  A giant gecko skeleton (D:4)
  8 giant newts
  9 jackals
  A jackal zombie (D:5)
  19 kobolds
  15 rats
251 creatures vanquished.

Vanquished Creatures (collateral kills)
  Menkaure (D:6)
  A goblin (D:1)
  A jackal (D:1)
  A kobold (D:1)
  A bat (D:1)
  A giant newt (D:1)
6 creatures vanquished.

Vanquished Creatures (others)
  2 fungi (D:8)
2 creatures vanquished.

Grand Total: 259 creatures vanquished

Notes
Turn   | Place    | Note
--------------------------------------------------------------
     0 | D:1      | inmateoo the Demonspawn Summoner began the quest for the Orb.
     0 | D:1      | Reached XP level 1. HP: 13/13 MP: 3/3
   342 | D:1      | Gained mutation: You are partially covered in sharp spines. [demonic ancestry]
   342 | D:1      | Reached XP level 2. HP: 14/19 MP: 3/5
   446 | D:1      | Reached skill level 1 in Fighting
   473 | D:1      | Learned a level 2 spell: Call Imp
   763 | D:2      | Learned a level 2 spell: Ensorcelled Hibernation
   790 | D:2      | Gained mutation: You have a pair of small horns on your head. [demonic ancestry]
   790 | D:2      | Reached XP level 3. HP: 26/26 MP: 6/6
  1086 | D:3      | Found a shattered altar of Ashenzari.
  1165 | D:3      | Noticed Jessica
  1177 | D:3      | Killed Jessica
  1224 | D:3      | Reached XP level 4. HP: 33/33 MP: 7/7
  1274 | D:3      | Became a worshipper of Ashenzari the Shackled
  1445 | D:3      | Found a stormy altar of Qazlal.
  1494 | D:3      | Reached skill level 1 in Hexes
  1576 | D:3      | Noticed a scorpion
  1579 | D:3      | Killed a scorpion
  1579 | D:3      | Reached skill level 1 in Short Blades
  1668 | D:3      | Gained mutation: You regenerate a little health from kills. [demonic ancestry]
  1668 | D:3      | Reached XP level 5. HP: 36/38 MP: 8/8
  1742 | D:3      | Reached skill level 1 in Ice Magic
  2062 | D:4      | Found a glowing drain.
  2066 | Sewer    | Entered a sewer
  2094 | Sewer    | Reached XP level 6. HP: 44/47 MP: 9/9
  2101 | Sewer    | Noticed Purgy
  2110 | Sewer    | Killed Purgy
  2155 | Sewer    | Noticed achirane's ghost (novice DsNe)
  2251 | D:4      | Noticed Pereza0's ghost (amateur HuSk)
  2267 | D:4      | Killed Pereza0's ghost
  2359 | D:4      | Reached XP level 7. HP: 52/52 MP: 11/11
  2594 | D:4      | Acquired Ashenzari's first power
  2630 | D:4      | Found a bloodstained altar of Trog.
  2631 | D:4      | Found a shimmering altar of Xom.
  2633 | D:4      | Found a glowing golden altar of the Shining One.
  2635 | D:4      | Found a burning altar of Makhleb.
  2635 | D:4      | Found a snail-covered altar of Cheibriados.
  2837 | D:5      | Entered Level 5 of the Dungeon
  2848 | D:5      | Found an ancient bone altar of Kikubaaqudgha.
  3066 | D:5      | Noticed Pikel
  3082 | D:4      | Killed Pikel
  3082 | D:4      | Gained mutation: You regenerate health from kills. [demonic ancestry]
  3082 | D:4      | Reached XP level 8. HP: 43/61 MP: 4/13
  3192 | D:5      | Gained mutation: Potions and wands are less effective at restoring your health. [mutagenic meat]
  3193 | D:5      | Gained mutation: You passively map a small area around you. [mutagenic meat]
  3194 | D:5      | Gained mutation: You possess an exceptional clarity of mind. [mutagenic meat]
  3195 | D:5      | Gained mutation: You are agile. (Dex +2) [mutagenic meat]
  3434 | D:5      | Reached skill level 5 in Fighting
  3477 | D:5      | Found an opulent altar of Gozag.
  3823 | D:6      | Reached skill level 5 in Short Blades
  3881 | D:6      | Reached XP level 9. HP: 49/68 MP: 10/15
  3899 | D:6      | Reached skill level 5 in Summonings
  3920 | D:6      | Learned a level 3 spell: Summon Guardian Golem
  3922 | D:6      | Learned a level 1 spell: Apportation
  3925 | D:6      | Learned a level 2 spell: Blink
  3970 | D:6      | Noticed Menkaure
  4266 | D:6      | Killed Menkaure
  4740 | D:6      | Found a staircase to the Ecumenical Temple.
  4953 | D:7      | Found a white marble altar of Elyvilon.
  5344 | D:7      | Reached skill level 6 in Short Blades
  5467 | D:7      | Reached skill level 5 in Stealth
  5565 | D:7      | Found a basalt altar of Yredelemnul.
  5696 | D:8      | Acquired Ashenzari's second power
  5805 | D:8      | Reached skill level 5 in Hexes
  5845 | D:8      | Reached skill level 5 in Spellcasting
  5894 | D:8      | Found a staircase to the Lair.
  5904 | D:8      | Reached XP level 10. HP: 56/74 MP: 17/17
  5962 | D:8      | Reached skill level 7 in Short Blades
  6055 | D:8      | Found a sacrificial altar of Ru.
  6224 | D:8      | Reached skill level 1 in Armour
  6259 | D:9      | Found a staircase to the Orcish Mines.
  6291 | D:9      | Noticed Conn321's ghost (novice MiFi)
  6391 | D:9      | Killed Conn321's ghost
  6391 | D:9      | Reached skill level 1 in Shields
  7277 | D:10     | Entered Level 10 of the Dungeon
  7363 | D:10     | Learned a level 6 spell: Invisibility
  7379 | D:10     | Acquired Ashenzari's third power
  7516 | D:10     | Reached skill level 8 in Short Blades
  7588 | D:10     | Noticed a hill giant
  7925 | D:10     | Killed a hill giant
  8001 | D:10     | Found a shattered altar of Ashenzari.
  8007 | D:10     | Noticed a hill giant
  8019 | D:10     | Slain by a hill giant

Vault maps used:
D:1:      dpeg_arrival_short_road
D:2:      lemuel_round_altar
D:3:      overflow_temple_1_default, nicolae_qazlal_general_emergency,
          first_bread, grunt_decor_cap, uniq_jessica
D:4:      grunt_temple_overflow_open, gup_sewer_entry_spiral
D:5:      grunt_gozag_breadcrumbs, old_standard_altar, uniq_pikel
D:6:      temple_hall, kennysheep_small_circle, uniq_menkaure
D:7:      elyvilon_altar_4, lemuel_mausoleum_altar_yredelemnul, the_bakery
D:8:      nicolae_ru_sacrificial_ziggurat, grunt_lair_entry_elf_guard_hut
D:9:      lemuel_flame_loot_2, orc_0_dummy
D:10:     basic_altar, minivault_16
Sewer:    sewer_co_purgy_island

Action                   |  1- 3 |  4- 6 |  7- 9 | 10-12 || total
-------------------------+-------+-------+-------+-------++-------
Melee: Unarmed           |    79 |     3 |       |       ||    82
       Dagger            |       |    76 |   452 |   314 ||   842
 Cast: Summon Small Mamm |     8 |       |       |       ||     8
       Ensorcelled Hiber |       |       |    16 |    11 ||    27
       Call Imp          |       |       |     5 |    10 ||    15
       Summon Guardian G |       |       |     1 |     4 ||     5
  Use: Scroll            |    14 |     2 |     7 |     5 ||    28
       Potion            |       |       |       |     3 ||     3
 Stab: Sleeping          |       |     4 |    17 |     8 ||    29
       Distracted        |       |       |       |     1 ||     1
  Eat: Chunk             |     1 |     4 |    15 |     5 ||    25
       Beef jerky        |       |       |     1 |       ||     1
       Meat ration       |       |       |       |     1 ||     1
